 Dungeon Crawl Stone Soup version 0.21.1-1-g345015f (webtiles) character file.

200302 Mgcat the Warrior (level 18, -7/124 HPs)
             Began as a Gargoyle Gladiator on Feb 13, 2018.
             Was the Champion of Ru.
             Killed by Shatter
             ... invoked by Jorgrun
              (88 damage)
             ... on level 3 of the Swamp.
             The game lasted 01:36:02 (33526 turns).

Mgcat the Warrior (Gargoyle Gladiator)             Turns: 33526, Time: 01:36:03

Health: -7/124     AC: 40    Str: 19    XL:     18   Next: 50%
Magic:  0/18       EV: 14    Int: 14    God:    Ru [******]
Gold:   1228       SH:  0    Dex: 20    Spells: 17/17 levels left

rFire    + . .     SeeInvis +   e - +0 battleaxe (flame)
rCold    + . .     Gourm    .   (shield currently unavailable)
rNeg     + + .     Faith    .   K - +2 chain mail {rC+}
rPois    ∞         Spirit   +   q - +1 hat of the Eternal Fruit {rN+ rCorr}
rElec    +         Reflect  .   g - +2 cloak
rCorr    +         Harm     .   Z - +2 pair of gloves {Dex+3}
MR       ++++.                  w - +2 pair of boots
Stlth    ..........             c - amulet of guardian spirit {Spirit}
HPRegen  0.30/turn              D - ring of Meocwul {AC+5 Str+3}
MPRegen  0.16/turn              V - ring "Waim" {*Corrode rF+ MR+++ Int+3 SInv}

@: exhausted, flying, drained
A: big wings, negative energy resistance 1, electricity resistance, weak 1,
unbreathing, petrification resistance, rot immunity, no stealth, inability to
use devices, hated by all, reduced AC 1, AC +13
}: 1/15 runes: serpentine
a: Stop Flying, Draw Out Power, Power Leap, Apocalypse, Renounce Religion


You were on level 3 of the Swamp.
You worshipped Ru.
Ru was exalted by your worship.
You were not hungry.

You visited 6 branches of the dungeon, and saw 31 of its levels.
You also visited: Sewer.

You collected 2648 gold pieces.
You spent 1420 gold pieces at shops.

Inventory:

Hand Weapons
 e - a +0 battleaxe of flaming (weapon)
   (You took it off a wight on level 6 of the Dungeon)
 y - a +6 broad axe of protection
   (You found it on level 6 of the Dungeon)
Missiles
 d - 5 throwing nets {=f, !d}
 s - 18 tomahawks
 L - 4 poisoned tomahawks (quivered)
 W - 2 tomahawks of returning
Armour
 g - a +2 cloak (worn)
   (You found it on level 2 of the Dungeon)
 q - the +1 hat of the Eternal Fruit (worn) {rN+ rCorr}
   (You bought it in a shop on level 1 of the Snake Pit)

   It protects you from negative energy.
   It protects you from acid and corrosion.
 r - a +0 shield of reflection
   (You took it off Donald on level 1 of the Snake Pit)
 w - a +2 pair of boots (worn)
   (You found it on level 1 of the Lair of Beasts)
 K - a +2 chain mail of cold resistance (worn)
   (You found it on level 8 of the Dungeon)
 Z - a +2 pair of gloves of dexterity (worn)
   (You bought it in a shop on level 2 of the Orcish Mines)
Jewellery
 c - an amulet of guardian spirit (around neck) {Spirit}
   (You found it on level 15 of the Dungeon)
 D - the ring of Meocwul (left hand) {AC+5 Str+3}
   (You found it on level 7 of the Dungeon)

   [ring of protection]

   It affects your AC (+5).
   It affects your strength (+3).
 V - the ring "Waim" (right hand) {*Corrode rF+ MR+++ Int+3 SInv}
   (You bought it in a shop on level 2 of the Orcish Mines)

   [ring of protection from fire]

   It affects your intelligence (+3).
   It protects you from fire.
   It affects your resistance to hostile enchantments.
   It lets you see invisible.
   It may corrode you when you take damage.
Scrolls
 j - 16 scrolls of remove curse
 l - 6 scrolls of identify
 v - 3 scrolls of amnesia
 B - 9 scrolls of teleportation
 E - a scroll of silence
 N - 3 scrolls of fear
 P - a scroll of magic mapping {!r}
 R - a scroll of blinking {!r}
 Y - 3 scrolls of fog
Potions
 b - 5 potions of haste
 h - 2 potions of berserk rage {!q}
 i - 13 potions of curing
 k - 2 potions of resistance
 m - 5 potions of brilliance
 o - 5 potions of lignification {!q}
 t - 3 potions of might
 u - 6 potions of heal wounds
 z - 3 potions of mutation {!q}
 A - 3 potions of agility
 G - 2 potions of cancellation
Comestibles
 f - 39 rations


   Skills:
 + Level 17.2(16.1) Fighting
 + Level 15.0(13.9) Axes
 - Level 5.0(4.1) Throwing
 + Level 15.3(14.2) Armour
 + Level 10.4(9.5) Dodging
 + Level 14.8(13.7) Shields


You had 17 spell levels left.
You didn't know any spells.

Dungeon Overview and Level Annotations

Branches:
Dungeon (15/15)            Temple (1/1) D:5            Lair (6/6) D:10
  Swamp (3/4) Lair:3        Snake (4/4) Lair:4        Slime (0/5) Lair:5
    Orc (2/2) D:9             Elf (0/3) Orc:2        Vaults (0/5) D:13
 Depths (0/5) D:15

Altars:
Ashenzari
Cheibriados
Dithmenos
Elyvilon
Fedhas
Gozag
Hepliaklqana
Kikubaaqudgha
Makhleb
Nemelex Xobeh
Okawaru
Qazlal
Ru
Sif Muna
Trog
Uskayaw
Vehumet
Wu Jian
Xom
Yredelemnul
Zin
The Shining One
Beogh

Shops:
D:6 =   Orc:2 ([=*   Snake:1 *   Snake:3 %}==

Annotations:
Lair:3 exclusion: oklob plant
Lair:5 2 transporters
Swamp:3 Jorgrun


Innate Abilities, Weirdness & Mutations

You are resistant to torment.
Your stone body is resilient. (AC +13)
You are immune to poison.
Your large and strong wings let you fly indefinitely.
You resist negative energy. (rN+)
You are resistant to electric shocks. (rElec)
You are weak. (Str -2)
You can survive without breathing.
You are immune to petrification.
You are immune to rotting.
You cannot be stealthy.
You cannot study or use magical devices.
You are hated by all.
You take slightly more damage. (AC -5)


Message History

You completely miss Jorgrun.
Jorgrun begins to cast a spell, but is stunned by your will!
You barely miss Jorgrun. Jorgrun misses you.
You slash Jorgrun! You burn Jorgrun.
Jorgrun is lightly wounded.
Jorgrun begins to cast a spell, but is stunned by your will!
You slice Jorgrun!! You burn Jorgrun.
Jorgrun is moderately wounded.
Jorgrun hits you but does no damage.
You barely miss Jorgrun.
Jorgrun is moderately wounded.
Your chain mail prevents you from hitting Jorgrun.
Jorgrun is moderately wounded.
Jorgrun misses you.
You closely miss Jorgrun.
Jorgrun is moderately wounded.
Jorgrun closely misses you.
You miss Jorgrun.
Jorgrun is moderately wounded.
You feel less exhausted.
Jorgrun falters for a moment.
You closely miss Jorgrun.
Jorgrun is moderately wounded.
Jorgrun is stunned by your will and fails to attack.
You hit Jorgrun.
Jorgrun is moderately wounded.
Jorgrun hits you with a quarterstaff of crushing.
You barely miss Jorgrun.
Jorgrun is moderately wounded.
Jorgrun barely misses you.
You slash Jorgrun! You burn Jorgrun.
Jorgrun is moderately wounded.
Jorgrun hits you with a quarterstaff of crushing.
Your corrosive artefact corrodes you!
You slash Jorgrun! You burn Jorgrun.
Jorgrun is heavily wounded.
You redirect Jorgrun's attack!
Jorgrun closely misses you.
You closely miss Jorgrun.
Jorgrun is heavily wounded.
Jorgrun hits you with a quarterstaff of crushing.
You focus your will and blind Jorgrun in retribution!
You catch the helpless Jorgrun completely off-guard!
You slash Jorgrun! You burn Jorgrun.
Jorgrun is severely wounded.
Jorgrun hits you with a quarterstaff of crushing!
You hit Jorgrun but do no damage.
Jorgrun is severely wounded.
Jorgrun hits you but does no damage.
You hit Jorgrun. You burn Jorgrun.
Jorgrun is severely wounded.
Jorgrun hits you but does no damage.
You closely miss Jorgrun.
Jorgrun is severely wounded.
You hit Jorgrun.
Jorgrun is severely wounded.
Jorgrun barely misses you.
You hit Jorgrun but do no damage.
Jorgrun is severely wounded.
Jorgrun is no longer blind.
Jorgrun begins to cast a spell, but is stunned by your will!
You completely miss Jorgrun.
Jorgrun is severely wounded.
Jorgrun barely misses you.
You miss Jorgrun.
Jorgrun is severely wounded.
Jorgrun hits you but does no damage.
Your chain mail prevents you from hitting Jorgrun.
Jorgrun is severely wounded.
Jorgrun hits you with a quarterstaff of crushing.
You barely miss Jorgrun.
Jorgrun is severely wounded.
Jorgrun is stunned by your will and fails to attack.
You miss Jorgrun.
Jorgrun is severely wounded.
Jorgrun hits you but does no damage.
You closely miss Jorgrun.
Jorgrun is severely wounded.
Jorgrun closely misses you.
You slash Jorgrun! You burn Jorgrun.
Jorgrun is severely wounded.
Jorgrun mumbles some strange words.
The dungeon rumbles around Jorgrun!
You shudder from the earth-shattering force.
* * * LOW HITPOINT WARNING * * *
A door shatters!
Ka-crash!
You hit Jorgrun but do no damage.
Jorgrun is severely wounded.
You are no longer corroded.
Jorgrun hits you with a quarterstaff of crushing.
* * * LOW HITPOINT WARNING * * *
x2 You are restored by drawing out deep reserves of power within.
You feel drained. Jorgrun hits you but does no damage.
You feel much better.
Jorgrun mumbles some strange words.
The dungeon rumbles around Jorgrun!
You shudder from the earth-shattering force.
Ouch! That really hurt!
You die...

♣...≈......≈≈≈.≈≈≈♣..
♣♣≈#≈....#..≈≈≈≈≈≈≈.≈≈
♣≈.≈(....≈..≈≈≈≈≈≈≈.≈≈
♣♣......)........≈≈≈...
≈♣...#.#≈≈≈≈..≈≈♣≈≈≈≈..≈
♣......#.÷.≈..≈.≈♣♣♣♣.≈≈
♣..#.≈##≈...≈..≈≈≈§♣
♣≈≈≈
♣..#....g...#..≈≈≈.♣
♣♣.≈
♣..≈..$.@...#..§≈≈.♣
♣≈.≈
♣...$...#.?$#..≈≈≈♣.
♣♣.≈ ♣..≈≈.≈≈##≈##..≈♣♣
♣.≈ ♣♣...... ... ♣≈≈
♣♣..%... ... ♣≈.≈≈
≈≈≈♣≈≈≈.♣ .(.§≈ ♣.≈≈≈
♣♣♣≈.≈.♣ ≈≈≈≈ ...≈≈≈
♣♣♣♣♣ ≈≈.. ..≈≈≈≈ ..≈≈≈≈


You could see Jorgrun.

Vanquished Creatures
  Rupert (D:12)
  Frances (D:13)
  Kirke (Swamp:3)
  Donald (Snake:1)
  Louise (Swamp:2)
  9 nagarajas (Snake:4)
  Aizul (Snake:4)
  An orc warlord (Orc:2)
  The ghost of Frank the Carver, a journeyman OpFi of Wu Jian (Lair:6)
  A dire elephant (D:15)
  Snorg (Lair:5)
  The ghost of Serooblart the Warrior, a journeyman MiBe of Trog (D:13)
  An ogre mage (D:14)
  A fire dragon (Lair:6)
  Harold (D:11)
  Fannar (D:10)
  Erolcha (Orc:1)
  4 catoblepae
  13 naga warriors
  7 anacondas
  A ghost crab (Swamp:1)
  12 hydras
  Erica (Lair:2)
  9 alligators
  6 two-headed ogres
  A death knight (D:15)
  5 centaur warriors
  A tengu warrior (D:9)
  2 death yaks (Lair:5)
  Urug (D:11)
  An orc high priest (Orc:2)
  12 naga sharpshooters
  3 shock serpents
  A deep troll (D:13)
  A salamander mystic (Snake:1)
  An unseen horror (D:13)
  5 sea snakes (Snake:4)
  2 swamp dragons (Swamp:2)
  2 spriggan druids
  A shambling mangrove (Swamp:3)
  A phantasmal warrior (D:15)
  3 naga ritualists
  5 orc knights (Orc:2)
  A wolf spider zombie (D:15)
  16 ugly things
  4 mana vipers
  3 orc sorcerers
  8 salamanders
  A deep elf mage (D:15)
  7 manticores
  2 cyclopes
  Maurice (D:13)
  An eye of devastation (shapeshifter) (D:15)
  31 black mambas
  A centaur zombie (D:10)
  Joseph (D:7)
  2 centaur skeletons
  3 molten gargoyles (Lair:6)
  3 gargoyles
  A torpor snail (Lair:5)
  14 naga magi
  5 elephants (Lair:4)
  11 guardian serpents
  18 spiny frogs
  2 rime drakes
  A freezing wraith (D:15)
  18 komodo dragons
  An efreet (D:15)
  The ghost of
  1994 the Caller, a novice TeSu (D:5)
  A merfolk (shapeshifter) (D:13)
  A redback zombie (D:13)
  6 trolls
  Prince Ribbit (D:7)
  13 hornets
  15 blink frogs
  4 bog bodies
  20 slime creatures
  5 dream sheep (Lair:3)
  8 hippogriffs
  A spriggan (shapeshifter) (D:15)
  5 wraiths
  10 spriggans
  2 shadows
  44 yaks
  4 wyverns
  2 fire bats (Lair:6)
  3 water elementals (D:15)
  A golden eye (shapeshifter) (D:15)
  A hog (shapeshifter) (D:13)
  5 hogs (Swamp:3)
  3 hungry ghosts
  4 steam dragons
  7 basilisks (Lair:6)
  28 vampire mosquitoes
  19 swamp worms
  2 wargs (Orc:1)
  A soldier ant (D:13)
  34 nagas
  The ghost of Monsterracer the Digger, an amateur OpEE of Vehumet (D:4)
  Duvessa (D:4)
  3 acid dragons
  24 water moccasins
  18 porcupines
  4 hell hounds (Lair:6)
  4 black bears
  6 swamp drakes
  5 ice beasts
  24 orc warriors
  An eye of draining (D:9)
  4 phantoms
  4 sky beasts
  3 necrophages
  15 ogres
  7 centaurs
  3 wolves (Lair:4)
  5 big kobolds
  14 crocodiles
  15 bullfrogs
  Dowan (D:4)
  A wyvern zombie (D:11)
  A wyvern skeleton (D:14)
  A hornet simulacrum (D:14)
  8 scorpions
  19 killer bees
  4 wights
  6 howler monkeys
  The ghost of tidbits the Firebug, a weakling GnFE (D:3)
  8 electric eels
  A bullfrog zombie (D:5)
  10 lava snakes
  5 crimson imps
  A quasit (D:10)
  9 jellies
  25 orc wizards
  25 orc priests
  A gnoll shaman (Orc:1)
  11 hounds
  Terence (D:2)
  8 iguanas
  12 worker ants
  A killer bee zombie (D:6)
  A hound zombie (D:10)
  A worker ant zombie (D:5)
  26 adders
  3 gnolls (Orc:1)
  2 shadow imps
  2 ufetubi (D:14)
  3 oozes
  4 adder skeletons
  17 worms
  4 dart slugs
  7 leopard geckos
  85 orcs
  3 ball pythons
  12 giant cockroaches
  5 goblins
  6 hobgoblins
  13 jackals
  17 kobolds
  2 quokkas
  13 bats
  5 frilled lizards
  A jackal skeleton (D:5)
  12 rats
  3 fungi
  12 plants
1113 creatures vanquished.

Vanquished Creatures (collateral kills)
  A hippogriff (Lair:3)
1 creature vanquished.

Vanquished Creatures (others)
  A nagaraja (Snake:4)
  Nessos (D:13)
  2 naga warriors (Snake:4)
  2 hydras
  An alligator (Swamp:2)
  A lindwurm (Lair:6)
  An orc knight (D:15)
  An ugly thing (D:15)
  A cyclops (D:11)
  A guardian serpent (Snake:4)
  A black mamba (Snake:4)
  A naga mage (Snake:4)
  A spiny frog (Swamp:1)
  A torpor snail (Lair:5)
  A tyrant leech (Swamp:1)
  A hornet (Swamp:1)
  A water elemental (D:15)
  5 nagas
  A porcupine (Lair:1)
  2 orc warriors (Orc:2)
  A water moccasin skeleton (D:9)
  A lava snake (Lair:6)
  An orc wizard (Orc:2)
  A shadow imp (D:15)
  An orc (Orc:2)
  A fire vortex (Lair:6)
  25 fungi
  31 plants
89 creatures vanquished.

Grand Total: 1203 creatures vanquished

Notes
Turn   | Place    | Note
-------+----------+-------------------------------------------
     0 | D:1      | Mgcat the Gargoyle Gladiator began the quest for the Orb.
     0 | D:1      | Reached XP level 1. HP: 12/12 MP: 1/1
   238 | D:1      | Reached XP level 2. HP: 16/18 MP: 2/2
   270 | D:1      | Reached skill level 3 in Axes
   322 | D:1      | p0werm0de: https://discord.gg/Cvsqw2 XTAHUA discord channel !! join but dont post WEEB bullshit !! welcome ;D
   453 | D:1      | Reached skill level 3 in Fighting
   576 | D:1      | Reached XP level 3. HP: 23/23 MP: 3/3
  1027 | D:2      | Reached XP level 4. HP: 29/29 MP: 4/4
  1362 | D:2      | Reached skill level 4 in Fighting
  1513 | D:2      | Noticed Terence
  1539 | D:2      | Killed Terence
  1539 | D:2      | Reached skill level 4 in Axes
  1539 | D:2      | Reached XP level 5. HP: 26/33 MP: 5/5
  1593 | D:3      | Found an iron altar of Okawaru.
  1781 | D:3      | Found a blossoming altar of Fedhas.
  1785 | D:3      | Found a white marble altar of Elyvilon.
  1786 | D:3      | Found a radiant altar of Vehumet.
  1899 | D:3      | Found a sparkling altar of Nemelex Xobeh.
  2137 | D:3      | Noticed tidbits's ghost (weakling GnFE)
  2154 | D:3      | Killed tidbits's ghost
  2154 | D:3      | Reached skill level 5 in Fighting
  2154 | D:3      | Reached XP level 6. HP: 22/40 MP: 6/6
  2347 | D:3      | Found a sparkling altar of Nemelex Xobeh.
  2348 | D:3      | Found an ornate altar of the Wu Jian Council.
  2533 | D:4      | Noticed a phantom
  2579 | D:4      | Killed a phantom
  2579 | D:4      | Reached skill level 5 in Axes
  2647 | D:4      | Reached XP level 7. HP: 44/45 MP: 7/7
  2705 | D:4      | Reached skill level 6 in Fighting
  2804 | D:4      | Noticed Monsterracer's ghost (amateur OpEE)
  2823 | D:4      | Killed Monsterracer's ghost
  2993 | D:4      | Noticed Dowan
  2994 | D:4      | Noticed Duvessa
  3012 | D:4      | Killed Duvessa
  3012 | D:4      | Reached skill level 6 in Axes
  3024 | D:4      | Killed Dowan
  3024 | D:4      | Reached skill level 7 in Fighting
  3057 | D:4      | Reached XP level 8. HP: 53/53 MP: 8/8
  3422 | D:5      | Entered Level 5 of the Dungeon
  3422 | D:5      | Found a staircase to the Ecumenical Temple.
  3428 | Temple   | Entered the Ecumenical Temple
  3799 | D:5      | Reached skill level 8 in Fighting
  3799 | D:5      | Reached skill level 7 in Axes
  3865 | D:5      | Found a bloodstained altar of Trog.
  4328 | D:5      | Noticed 1994's ghost (novice TeSu)
  4349 | D:5      | Killed 1994's ghost
  4349 | D:5      | Reached skill level 9 in Fighting
  4349 | D:5      | Reached XP level 9. HP: 43/60 MP: 9/9
  4854 | D:6      | Reached skill level 8 in Axes
  4870 | D:6      | Found a glowing drain.
  4902 | Sewer    | Entered a sewer
  5011 | Sewer    | Reached skill level 1 in Armour
  5011 | Sewer    | Reached skill level 1 in Shields
  5258 | D:6      | Reached skill level 2 in Armour
  5258 | D:6      | Reached skill level 2 in Shields
  5297 | D:6      | HP: 13/61 [orc warrior/glaive (12)]
  5536 | D:6      | Found Sopt's Jewellery Shoppe.
  5588 | D:6      | Got a clouded granite ring
  5589 | D:6      | Identified the ring of Thoughtfulness {rF+ Stlth+} (You found it on level 6 of the Dungeon)
  5636 | D:6      | Found a glowing golden altar of the Shining One.
  5657 | D:6      | Reached skill level 3 in Armour
  5791 | D:6      | Reached skill level 3 in Shields
  5880 | D:6      | Found an opulent altar of Gozag.
  6203 | D:7      | Got a transparent granite ring
  6205 | D:7      | Identified the ring of Meocwul {AC+5 Str+3} (You found it on level 7 of the Dungeon)
  6348 | D:7      | Noticed Prince Ribbit
  6355 | D:7      | Killed Prince Ribbit
  6355 | D:7      | Reached skill level 10 in Fighting
  6374 | D:7      | Noticed Joseph
  6385 | D:7      | Killed Joseph
  6385 | D:7      | Reached skill level 4 in Armour
  6385 | D:7      | Reached skill level 4 in Shields
  6385 | D:7      | Reached XP level 10. HP: 57/68 MP: 10/10
  6840 | D:8      | Reached skill level 9 in Axes
  6852 | D:8      | Noticed a two-headed ogre
  7495 | D:8      | Reached skill level 5 in Armour
  7495 | D:8      | Reached skill level 5 in Shields
  7912 | D:8      | Killed a two-headed ogre
  8217 | D:8      | Found a sacrificial altar of Ru.
  8232 | D:8      | Became a worshipper of Ru the Awakened
  8510 | D:9      | Reached skill level 2 in Throwing
  8517 | D:9      | Reached skill level 6 in Armour
  8517 | D:9      | Reached skill level 6 in Shields
  8560 | D:9      | Reached skill level 11 in Fighting
  8560 | D:9      | Reached XP level 11. HP: 63/74 MP: 11/11
  8583 | D:9      | Noticed a tengu warrior
  8599 | D:9      | Killed a tengu warrior
  8773 | D:9      | Reached skill level 3 in Throwing
  9031 | D:9      | Found a staircase to the Orcish Mines.
  9434 | D:9      | Reached skill level 7 in Armour
  9434 | D:9      | Reached skill level 7 in Shields
  9443 | D:9      | Reached skill level 10 in Axes
  9470 | D:9      | Gained mutation: You take slightly more damage. (AC -5) [Ru sacrifice]
  9470 | D:9      | Reached * piety under Ru
  9778 | D:9      | Found an ancient bone altar of Kikubaaqudgha.
 10241 | D:9      | Reached skill level 4 in Throwing
 10261 | D:10     | Entered Level 10 of the Dungeon
 10522 | D:10     | Found a staircase to the Lair.
 10950 | D:11     | Reached XP level 12. HP: 72/81 MP: 12/12
 11072 | D:11     | Reached skill level 8 in Armour
 11167 | D:11     | Noticed Harold
 11183 | D:11     | Killed Harold
 11183 | D:11     | Reached skill level 12 in Fighting
 11183 | D:11     | Reached skill level 8 in Shields
 11277 | D:11     | Reached skill level 5 in Throwing
 11289 | D:11     | HP: 20/81 [guardian serpent (11)]
 11295 | D:11     | Gained mutation: You cannot be stealthy. [Ru sacrifice]
 11295 | D:11     | Reached ** piety under Ru
 11354 | D:11     | HP: 18/81 [manticore (5)]
 11401 | D:11     | Noticed Urug
 11892 | D:11     | Killed Urug
 12325 | Lair:1   | Entered Level 1 of the Lair of Beasts
 12325 | Lair:1   | Noticed Fannar
 12349 | D:10     | Killed Fannar
 12349 | D:10     | Reached skill level 9 in Armour
 12478 | Lair:1   | Reached skill level 11 in Axes
 13190 | Lair:1   | Got a steaming whip
 13191 | Lair:1   | Identified the cursed +1 whip of Tenacity {venom, rC+ MR+ Int-4 Stlth+} (You found it on level 1 of the Lair of Beasts)
 13677 | Lair:2   | Reached skill level 3 in Dodging
 13677 | Lair:2   | Reached XP level 13. HP: 86/87 MP: 13/13
 13724 | Lair:2   | Reached skill level 13 in Fighting
 13970 | Lair:2   | Reached skill level 10 in Armour
 13985 | Lair:2   | Reached skill level 9 in Shields
 14175 | Lair:2   | Noticed Erica
 14197 | Lair:2   | Killed Erica
 15175 | Lair:3   | Reached skill level 4 in Dodging
 15445 | Lair:3   | Found a staircase to the Swamp.
 16612 | Lair:4   | Found a staircase to the Snake Pit.
 16799 | Lair:4   | Reached skill level 10 in Shields
 17362 | Lair:4   | Reached skill level 5 in Dodging
 17413 | Lair:4   | Reached skill level 12 in Axes
 17436 | Lair:5   | Gained mutation: Your large and strong wings let you fly indefinitely. [Gargoyle growth]
 17436 | Lair:5   | Reached XP level 14. HP: 79/95 MP: 14/14
 17439 | Lair:5   | Reached skill level 11 in Armour
 17460 | Lair:5   | Found a transporter.
 17834 | Lair:5   | Noticed Snorg
 17849 | Lair:5   | Killed Snorg
 18125 | Lair:5   | Reached skill level 14 in Fighting
 18208 | Lair:5   | Gained mutation: You are hated by all. [Ru sacrifice]
 18208 | Lair:5   | Reached *** piety under Ru
 18236 | Lair:5   | Found a staircase to the Slime Pits.
 18517 | Lair:5   | Found a transporter.
 18656 | Lair:6   | Entered Level 6 of the Lair of Beasts
 19161 | Lair:6   | Found a large runed door.
 19161 | Lair:6   | Found a large runed door.
 19223 | Lair:6   | Noticed Frank's ghost (journeyman OpFi)
 19279 | Lair:6   | Killed Frank's ghost
 19279 | Lair:6   | Reached skill level 6 in Dodging
 19758 | Lair:6   | Reached skill level 11 in Shields
 19795 | Lair:6   | Gained mutation: You cannot study or use magical devices. [Ru sacrifice]
 19795 | Lair:6   | Reached **** piety under Ru
 19795 | Lair:6   | Reached ***** piety under Ru
 20619 | Orc:1    | Entered Level 1 of the Orcish Mines
 20722 | Orc:1    | Found a roughly hewn altar of Beogh.
 20750 | Orc:1    | Noticed Erolcha
 20760 | Orc:1    | Killed Erolcha
 20861 | Orc:1    | Reached skill level 12 in Armour
 20968 | Orc:2    | Entered Level 2 of the Orcish Mines
 21167 | Orc:2    | Reached XP level 15. HP: 91/101 MP: 15/15
 21287 | Orc:2    | Paralysed by an orc sorcerer for 4 turns
 21387 | Orc:2    | Found a roughly hewn altar of Beogh.
 21392 | Orc:2    | Noticed an orc warlord
 21435 | Orc:2    | Killed an orc warlord
 21550 | Orc:2    | Found Plog's Antique Armour Emporium.
 21603 | Orc:2    | Found a staircase to the Elven Halls.
 21693 | Orc:2    | Found Reyxzy's General Store.
 21836 | Orc:2    | Found Epogozao's Antique Weapon Emporium.
 21851 | Orc:2    | Found Duju Fojyss's Jewellery Emporium.
 21859 | Orc:2    | Bought the ring "Waim" {*Corrode rF+ MR+++ Int+3 SInv} for 625 gold pieces
 22016 | Orc:2    | Bought a pair of glowing gloves for 217 gold pieces
 22016 | Orc:2    | Bought a runed helmet for 217 gold pieces
 22393 | D:12     | Noticed Rupert
 22412 | D:12     | Killed Rupert
 22412 | D:12     | Reached skill level 7 in Dodging
 23241 | D:12     | Reached skill level 13 in Axes
 23726 | D:13     | Noticed Nessos
 23730 | D:13     | Noticed Maurice
 23737 | D:13     | Killed Maurice
 23744 | D:13     | Killed Nessos
 23917 | D:13     | Reached skill level 15 in Fighting
 23996 | D:13     | Noticed Serooblart's ghost (journeyman MiBe)
 24022 | D:13     | Killed Serooblart's ghost
 24041 | D:13     | Found a gate to the Vaults.
 24199 | D:13     | Reached skill level 12 in Shields
 24441 | D:13     | Noticed Frances
 24456 | D:13     | Killed Frances
 25207 | D:15     | Entered Level 15 of the Dungeon
 25225 | D:15     | Reached skill level 13 in Armour
 25566 | D:15     | Reached XP level 16. HP: 98/108 MP: 16/16
 25744 | D:15     | Found a staircase to the Depths.
 25759 | D:15     | Reached skill level 8 in Dodging
 26085 | D:15     | Gained mutation: You are weak. (Str -2) [Ru sacrifice]
 26085 | D:15     | Reached ****** piety under Ru
 26781 | Snake:1  | Entered Level 1 of the Snake Pit
 26921 | Snake:1  | Found Lepeg's General Store.
 26938 | Snake:1  | Bought the +1 hat of the Eternal Fruit {rN+ rCorr} for 361 gold pieces
 27006 | Snake:1  | Noticed Donald
 27021 | Snake:1  | Killed Donald
 27188 | Snake:1  | Found a white marble altar of Elyvilon.
 27399 | Snake:1  | Reached skill level 13 in Shields
 27746 | Snake:2  | Reached skill level 16 in Fighting
 28182 | Snake:3  | Reached skill level 14 in Axes
 28284 | Snake:3  | Reached skill level 9 in Dodging
 28388 | Snake:3  | Found Nomom's Jewellery Shop.
 28389 | Snake:3  | Found Isialaat's Gadget Shoppe.
 28390 | Snake:3  | Found Pody's Jewellery Shop.
 28414 | Snake:3  | Identified a scroll of acquirement
 28454 | Snake:3  | Found Selup's Food Boutique.
 29214 | Snake:4  | Entered Level 4 of the Snake Pit
 29214 | Snake:4  | Noticed a nagaraja
 29214 | Snake:4  | Noticed a nagaraja
 29224 | Snake:4  | Reached skill level 14 in Armour
 29224 | Snake:4  | Reached XP level 17. HP: 100/115 MP: 13/17
 29462 | Snake:4  | Noticed Aizul
 29485 | Snake:4  | Killed Aizul
 30295 | Snake:4  | Reached skill level 14 in Shields
 30301 | Snake:4  | HP: 26/116 [nagaraja/poison arrow (5)]
 30301 | Snake:4  | HP: 10/116 [naga sharpshooter/bolt (16)]
 30988 | Snake:4  | Got a serpentine rune of Zot
 31200 | Swamp:1  | Entered Level 1 of the Swamp
 31347 | Swamp:1  | Reached skill level 10 in Dodging
 31533 | Swamp:1  | Reached XP level 18. HP: 103/122 MP: 18/18
 32337 | Swamp:2  | Reached skill level 15 in Armour
 32446 | Swamp:2  | Noticed Louise
 32462 | Swamp:2  | Reached skill level 17 in Fighting
 32490 | Swamp:2  | Killed Louise
 33443 | Swamp:3  | Noticed Kirke
 33469 | Swamp:3  | Killed Kirke
 33469 | Swamp:3  | Reached skill level 15 in Axes
 33490 | Swamp:3  | Noticed Jorgrun
 33523 | Swamp:3  | HP: 24/124 [Jorgrun/Shatter (48)]
 33526 | Swamp:3  | Killed from afar by Jorgrun

Skill      XL: |  1  2  3  4  5  6  7  8  9 10 11 12 13 14 15 16 17 18 |
---------------+-------------------------------------------------------+-----
Axes           | 3 4 5 6 7 8 9 10 11 12 13 14 15 | 15.0
Fighting       | 3 4 5 7 9 10 11 12 13 14 15 16 17 | 17.2
Armour         | 4 6 7 9 10 12 13 14 15 | 15.3
Shields        | 4 6 7 8 10 11 12 13 14 | 14.8
Throwing       | 2 4 5 |  5.0
Dodging        | 3 5 6 7 9 10 | 10.4

Action                   |  1- 3 |  4- 6 |  7- 9 | 10-12 | 13-15 | 16-18 || total
-------------------------+-------+-------+-------+-------+-------+-------++-------
Melee: War axe           |   122 |   208 |   428 |   634 |       |       ||  1392
       Broad axe         |       |       |       |   374 |  1438 |   913 ||  2725
       Whip              |       |       |       |    43 |       |       ||    43
       Battleaxe         |       |       |       |       |    14 |   431 ||   445
Throw: Tomahawk          |       |       |     6 |    11 |    93 |     2 ||   112
       Throwing net      |       |       |       |     5 |       |       ||     5
Invok: Sacrifice Health  |       |       |       |     1 |       |       ||     1
       Sacrifice Stealth |       |       |       |     1 |       |       ||     1
       Reject Sacrifices |       |       |       |       |     2 |       ||     2
       Draw Out Power    |       |       |       |       |     6 |     8 ||    14
       Sacrifice Artific |       |       |       |       |     1 |       ||     1
       Sacrifice Love    |       |       |       |       |     1 |       ||     1
       Sacrifice Purity  |       |       |       |       |       |     1 ||     1
 Abil: Fly               |       |       |       |       |     1 |       ||     1
Evoke: Wand              |       |       |       |       |     1 |       ||     1
  Use: Potion            |       |       |     4 |     5 |     3 |     1 ||    13
       Scroll            |       |       |    12 |    20 |    10 |    11 ||    53
 Stab: Distracted        |       |       |       |     4 |     5 |    14 ||    23
       Invisible         |       |       |       |       |     5 |    12 ||    17
       Paralysed         |       |       |       |       |     1 |     3 ||     4
       Petrified         |       |       |       |       |       |    11 ||    11
       Petrifying        |       |       |       |       |       |     1 ||     1
       Confused          |       |       |       |       |       |     1 ||     1
  Eat: Chunk             |     1 |     5 |    10 |    19 |    36 |    11 ||    82
       Ration            |       |       |     1 |     2 |     2 |     5 ||    10
Armor: Leather armour    |    12 |       |       |       |       |       ||    12
       Skin              |     5 |       |       |     3 |       |       ||     8
       Chain mail        |    93 |    42 |       |   455 |   788 |   747 ||  2125
       Ice dragon scales |       |    62 |   277 |   117 |       |       ||   456
       Scale mail        |       |       |       |    47 |       |       ||    47
Dodge: Dodged            |    87 |   100 |   182 |   381 |   505 |   650 ||  1905
Block: Shield            |       |       |   102 |    54 |       |   273 ||   429
       Buckler           |       |       |       |   298 |   501 |   160 ||   959
       Reflection        |       |       |       |       |       |    32 ||    32

Vault maps used:
D:1:      dpeg_arrival_tiny_c, minmay_fountain_box, amethyst_killhole,
          grunt_decor_clamped
D:2:      uniq_terence
D:3:      chequers_temple_overflow_statue_of_worship,
          gammafunk_temple_overflow_forgotten, okawaru_trees_1, first_ration,
          minmay_misc_feat_square, nemelex_diamond_rough_becter
D:4:      uniq_duvessa
D:5:      minmay_temple_entry_statues_pillars, bloody_trog
D:6:      nicolae_overflow_crystal_walls, kennysheep_mini_moat,
          portal_sewer_entry_d, serial_shops, nicolae_shop_statue_plus,
          hangedman_decor_points, hangedman_decor_growths
D:7:      minmay_cornered_nines, serial_bayou_lake_a, uniq_joseph,
          uniq_prince_ribbit1
D:8:      lemuel_doored_altar
D:9:      minmay_imperfect_grid, lemuel_coloured_pillars_altar, orc_0_dummy,
          hangedman_pestilent_swarm, eino_tiny_chamber, worms_lemuel
D:10:     due_lair_maze_entry_diamond
D:11:     nrook_guardian_serpent_ordinary, uniq_urug, uniq_harold
D:12:     uniq_rupert
D:13:     david_vaults_4, uniq_maurice, uniq_nessos, uniq_frances
D:14:     serial_ice, serial_ice_m, serial_ice_j, serial_ice_c, serial_ice_f
D:15:     hangedman_depths_entry_try_elsewhere_first, minivault_19,
          grunt_ministairs_15
Temple:   minmay_temple_forest_path
Lair:1:   beast_lair_carwin_3, grunt_megastairs_1, uniq_fannar
Lair:2:   lemuel_fruit_tree, lemuel_fruit_fields, uniq_erica
Lair:3:   nicolae_swamp_entry_splash_gauntlet, minmay_lair_oklob_bushes
Lair:4:   nzn_motion_control, minmay_snake_entry_six_corridors
Lair:5:   gammafunk_cloud_chamber, nicolae_slime_entry_slimehenge,
          nicolae_lair_grove_arrangements, minivault_27, uniq_snorg
Lair:6:   cheibrodos_lair_end_hotspot, minivault_24,
          nicolae_quartered_pool_super
Swamp:1:  evilmike_swamp_ruin_house_2
Swamp:2:  evilmike_swamp_ruin_house_4, uniq_louise
Swamp:3:  evilmike_swamp_ruin_house_5, uniq_jorgrun, uniq_kirke
Snake:1:  basic_altar, serial_shops, shop, uniq_donald
Snake:2:  st_stairs_12, nicolae_snake_lava_pool
Snake:3:  serial_shops, nicolae_shop_waterfront, nicolae_snake_biting_tails,
          st_stairs_11, minmay_shop_grove
Snake:4:  snake_hunt, grunt_ministairs_14, nicolae_snake_double_loop,
          serial_bayou_pond_c, spider_trap, st_stairs_4, serial_bayou_ford_a,
          serial_bayou_lagoon_a, basic_stair_grate_trap, uniq_aizul
Orc:1:    lemuel_statue_altar, uniq_erolcha
Orc:2:    grunt_orc_cross
Sewer:    kennysheep_pipe_town

Table legend:
 A = Turns spent in this place as a percentage of turns spent in the entire game.
 B = Non-inter-level travel turns spent in this place as a percentage of non-inter-level travel turns spent in the entire game.
 C = Inter-level travel turns spent in this place as a percentage of turns spent in this place.
 D = Turns resting spent in this place as a percentage of non-inter-level travel turns spent in this place.
 E = Turns spent auto-exploring this place as a percentage of non-inter-level travel turns spent in this place.
 F = Non-inter-level travel turns spent in this place divided by the number of levels of this place that you've seen.
                   A       B       C       D       E      F
               +-------+-------+-------+-------+-------+----------------------
         Total | 100.0 | 100.0 |   5.1 |   5.9 |  68.8 | 993.8
       Dungeon |  48.8 |  49.0 |   4.7 |   4.9 |  70.8 | 1038.9
        Temple |   1.0 |   0.9 |  13.2 |   0.0 |  99.3 | 290.0
          Lair |  24.7 |  24.4 |   6.3 |   8.0 |  69.8 | 1293.5
         Swamp |   6.9 |   7.1 |   2.3 |   0.0 |  70.8 | 757.7
     Snake Pit |  12.9 |  12.9 |   4.8 |  11.7 |  60.1 | 1029.0
  Orcish Mines |   4.9 |   4.7 |   7.9 |   0.3 |  60.1 | 750.0
         Sewer |   0.8 |   0.9 |   0.0 |   0.0 |  54.3 | 276.0
               +-------+-------+-------+-------+-------+----------------------

Table legend:
 A = Kills in this place as a percentage of kills in entire the game.
 B = Kills by you in this place as a percentage of kills by you in the entire game.
 C = Kills by friends in this place as a percentage of kills by friends in the entire game.
 D = Other kills in this place as a percentage of other kills in the entire game.
 E = Experience gained in this place as a percentage of experience gained in the entire game.
 F = Experience gained in this place divided by the number of levels of this place that you have seen.
                   A       B       C       D       E      F
               +-------+-------+-------+-------+-------+----------------------
         Total | 100.0 | 100.0 | 100.0 | 100.0 | 100.0 | 8773.7
       Dungeon |  44.5 |  45.1 |   0.0 |  20.0 |  26.4 | 4940.3
          Lair |  18.3 |  18.5 | 100.0 |   8.0 |  19.6 | 9166.3
         Swamp |  10.3 |  10.1 |   0.0 |  20.0 |  15.9 | 14887.3
     Snake Pit |  15.4 |  14.8 |   0.0 |  40.0 |  32.9 | 23115.2
  Orcish Mines |   9.3 |   9.3 |   0.0 |  12.0 |   5.1 | 7091.5
         Sewer |   2.1 |   2.2 |   0.0 |   0.0 |   0.1 | 348.0
               +-------+-------+-------+-------+-------+----------------------
